 Dungeon Crawl Stone Soup version 0.19-a0-1225-gf887c1c (webtiles) character file.

0 glosham the Ducker (level 1, -5/11 HPs)
             Began as a Spriggan Abyssal Knight on Aug 25, 2016.
             Was a Follower of Lugonu.
             Slain by a thrashing horror (12 damage)
             ... on level 3 of the Abyss.
             The game lasted 00:04:20 (268 turns).

glosham the Ducker (Spriggan Abyssal Knight)         Turns: 268, Time: 00:04:20

Health: -5/11      AC:  2    Str:  8    XL:     1   Next: 0%
Magic:  3/3        EV: 18    Int: 13    God:    Lugonu [*.....]
Gold:   12         SH:  0    Dex: 15    Spells: 0 memorised, 0 levels left

rFire  . . .     SeeInvis +     a - +1 short sword
rCold  . . .     Gourm    .     b - +0 robe
rNeg   . . .     Faith    .     (shield restricted)
rPois  .         Spirit   .     (helmet restricted)
rElec  .         Dismiss  .     (no cloak)
rCorr  .         Reflect  .     (gloves unavailable)
MR     .....     Harm     .     (boots unavailable)
Stlth  +.........               (no amulet)
                                (no ring)
                                (no ring)

@: non-regenerating, diseased, very quick
A: unfitting armour, see invisible, herbivore 3, speed 3, slow metabolism 2
a: Depart the Abyss, Renounce Religion


You were on level 3 of the Abyss.
You worshipped Lugonu.
Lugonu was aware of your devotion.
You were not hungry.

You visited 0 branches of the dungeon, and saw 0 of its levels.
You visited the Abyss 1 time.

You collected 12 gold pieces.

Inventory:

Hand Weapons
 a - a +1 short sword (weapon)
Armour
 b - a +0 robe (worn)
Potions
 d - a potion of agility {unknown}
 e - a potion of cure mutation {!q}
Comestibles
 c - a bread ration


   Skills:
 - Level 2.4 Fighting
 - Level 2.1 Short Blades
 - Level 3.5 Dodging
 + Level 0.0 Stealth
 - Level 1.7 Invocations


You couldn't memorise any spells.
You didn't know any spells.

Dungeon Overview and Level Annotations

Branches:
Dungeon (0/15)

Altars:


Innate Abilities, Weirdness & Mutations

You are tiny and cannot use many weapons and most armour.
You have supernaturally acute eyesight. (SInv)
You are a herbivore.
You cover ground extremely quickly.
You need consume almost no food.


Message History

The large abomination moves out of view.
A sun demon and a wretched star come into view.
The sun demon shouts!
The sun demon moves out of view.
A large abomination comes into view.
A vampire comes into view.
The large abomination moves out of view.
An ufetubus comes into view.
The ufetubus shouts!
You hear a shout!
An ufetubus comes into view.
A thrashing horror comes into view.
The ufetubus hits you. The ufetubus barely misses you.
A ynoxinul comes into view.
A raiju comes into view.
An ancient zyme comes into view.
You feel yourself growing ill in the presence of the ancient zyme.
A large abomination comes into view.
A white draconian comes into view. It is wielding a war axe.
The white draconian roars!
Found a gateway leading out of the Abyss.
A large abomination comes into view.
An ancient zyme comes into view.
Found a meat ration.
Unknown command.
You feel yourself growing ill in the presence of the ancient zyme.
A cacodemon, a small abomination and a large abomination come into view.
The cacodemon shouts!
You feel ill.
A thrashing horror comes into view.
The thrashing horror roars!
Found a scroll labeled RIENIP WILIUNU.
You feel ill.
A deep elf elementalist comes into view.
It is wielding a dagger.
The deep elf elementalist shouts!
The thrashing horror barely misses you. The thrashing horror tramples you.
You stumble backwards!
The thrashing horror barely misses you. The thrashing horror misses you.
The thrashing horror tramples you!
Ouch! That really hurt!
You die...

#... #.....#..
..#.....#. .. ....
..x............. .
......................
...................
.....
....#.....#.....#.....#
. . ##...###...###...##
.. #.....#.....#.....#.
... .................
.. ........X@....e...
...................
....#.....#.....#.
...###...###...## ..
#..... ....# ......
...... ....... ......
....... ... ..#....


You could see a deep elf elementalist, an ancient zyme and a thrashing horror.

Vanquished Creatures (others)
  2 starspawn tentacles (Abyss:3)
2 creatures vanquished.

Notes
Turn   | Place    | Note
-------+----------+-------------------------------------------
     0 | Abyss:1  | glosham the Spriggan Abyssal Knight began the quest for the Orb.
     0 | Abyss:1  | Reached XP level 1. HP: 11/11 MP: 3/3
    76 | Abyss:3  | Noticed a wraith
    85 | Abyss:3  | Noticed a tentacled starspawn
   121 | Abyss:3  | Noticed a starcursed mass
   126 | Abyss:3  | Noticed a starcursed mass
   152 | Abyss:3  | Noticed a smoke demon
   165 | Abyss:3  | Noticed a large abomination
   170 | Abyss:3  | Noticed a sun demon
   170 | Abyss:3  | Noticed a wretched star
   172 | Abyss:3  | Noticed a large abomination
   173 | Abyss:3  | Noticed a vampire
   182 | Abyss:3  | Noticed a purple very ugly thing
   184 | Abyss:3  | Noticed a thrashing horror
   203 | Abyss:3  | Noticed a ynoxinul
   212 | Abyss:3  | Noticed a raiju
   226 | Abyss:3  | Noticed an ancient zyme
   234 | Abyss:3  | Noticed a large abomination
   237 | Abyss:3  | Noticed a white draconian
   245 | Abyss:3  | Noticed a large abomination
   247 | Abyss:3  | Noticed an ancient zyme
   254 | Abyss:3  | Noticed a small abomination
   254 | Abyss:3  | Noticed a cacodemon
   254 | Abyss:3  | Noticed a large abomination
   260 | Abyss:3  | Noticed a thrashing horror
   266 | Abyss:3  | Noticed a deep elf elementalist
   268 | Abyss:3  | Slain by a thrashing horror

Vault maps used:
Abyss:1:  minivault_23
Abyss:3:  grunt_abyss_exit_deep_breaths, minivault_23

Action                   || total
-------------------------++-------
  Use: Scroll            ||     1
       Potion            ||     1
Dodge: Dodged            ||     5

Table legend:
 A = Turns spent in this place as a percentage of turns spent in the entire game.
 B = Non-inter-level travel turns spent in this place as a percentage of non-inter-level travel turns spent in the entire game.
 C = Inter-level travel turns spent in this place as a percentage of turns spent in this place.
 D = Turns resting spent in this place as a percentage of non-inter-level travel turns spent in this place.
 E = Turns spent auto-exploring this place as a percentage of non-inter-level travel turns spent in this place.
 F = Non-inter-level travel turns spent in this place divided by the number of levels of this place that you've seen.
                   A       B       C       D       E      F
               +-------+-------+-------+-------+-------+----------------------
         Total | 100.0 | 100.0 |   0.0 |   0.0 |   0.0 |  90.3
         Abyss | 100.0 | 100.0 |   0.0 |   0.0 |   0.0 |  90.3
               +-------+-------+-------+-------+-------+----------------------

Vault maps used:
Abyss:1:  minivault_23
Abyss:3:  grunt_abyss_exit_deep_breaths, minivault_23
